Map: Acid Plant LE

Players

Dear

  • Race: Protoss Protoss
  • Spawn Location: 5:00

TYTY (TY) - Winner!

  • Race: Terran Terran
  • Spawn Location: 11:00

Event: IEM Season 12 - Katowice

VOD

Have the link to the VOD?

Description

Time

  • Played on: March 1, 2018, 6:38 a.m.
  • Length: 17:28

All games in this series

Show
View Real Time Build Order
Export as new Build Order

Dear Protoss 

Build Orders: 1 Gate Expand, Blink Stalkers 

Get SALT Encoding   

  12  0:00  Probe  
  13  0:12  Probe  
  14  0:17  Pylon  
  14  0:24  Probe (Chrono Boost)  
  15  0:37  Probe (Chrono Boost), Gateway  
  16  0:44  Probe (Chrono Boost)  
  16  0:46  Assimilator  
  17  0:51  Probe  
  18  1:03  Probe  
  19  1:15  Probe  
  20  1:21  Nexus  
  20  1:31  Cybernetics Core  
  20  1:34  Probe  
  20  1:39  Assimilator  
  21  1:46  Probe  
  22  1:49  Pylon  
  22  1:58  Probe  
  23  2:04  Stalker (Chrono Boost)  
  23  2:07  Warp Gate  
  25  2:10  Probe  
  26  2:16  Twilight Council  
  26  2:23  Probe  
  26  2:27  Stalker  
  29  2:33  Probe (Chrono Boost)  
  29  2:35  Probe (Chrono Boost)  
  31  2:43  Probe (Chrono Boost)  
  33  2:44  Probe (Chrono Boost)  
  33  2:48  Probe (Chrono Boost), Blink (Chrono Boost)  
  33  2:49  Probe  
  35  2:59  Probe  
  35  3:01  Probe  
  35  3:03  Stalker  
  39  3:13  Probe x2  
  39  3:16  Gateway  
  41  3:21  Gateway  
  41  3:25  Pylon  
  41  3:26  Probe  
  42  3:28  Probe  
  42  3:33  Stalker  
  45  3:38  Shield Battery  
  45  3:40  Probe  
  46  3:43  Probe  
  46  3:45  Assimilator  
  47  3:52  Probe, Pylon  
  48  3:55  Probe  
  48  3:57  Robotics Facility  
  49  4:04  Probe  
  49  4:08  Probe  
  43  4:16  Probe  
  43  4:20  Probe, Stalker x2  
  48  4:28  Probe  
  49  4:32  Probe  
  49  4:37  Stalker  
  50  4:42  Warp Prism (Chrono Boost)  
  47  4:57  Probe x2  
  49  5:00  Stalker x2  
  49  5:01  Stalker  
  55  5:09  Probe x2  
  55  5:10  Pylon  
  57  5:24  Probe x2  
  51  5:29  Adept  
  51  5:30  Adept x2  
  57  5:36  Probe x2 (Chrono Boost)  
  59  5:48  Probe x2 (Chrono Boost)  
  61  5:54  Probe x2 (Chrono Boost)  
  63  5:59  Assimilator  
  63  6:01  Forge  
  63  6:02  Forge  
  63  6:03  Probe x2  
  65  6:08  Robotics Bay  
  65  6:14  Pylon  
  65  6:16  Pylon  
  65  6:18  Probe  
  66  6:26  Immortal (Chrono Boost)  
  66  6:30  Nexus  
  70  6:37  Gateway  
  70  6:39  Gateway  
  70  6:41  Gateway  
  70  6:51  Pylon  
  70  6:56  Sentry  
  70  6:57  Zealot  
  70  6:58  Colossus (Chrono Boost)  
  74  7:03  Extended Thermal Lance (Chrono Boost)  
  78  7:10  Sentry  
  80  7:18  Pylon, Zealot  
  80  7:21  Charge  
  82  7:26  Pylon  
  82  7:30  Pylon  
  82  7:36  Probe x2  
  84  7:40  Colossus (Chrono Boost)  
  84  7:42  Zealot x4  
  96  7:51  Stalker x2  
  100  7:58  Probe x3  
  103  8:10  Stalker  
  103  8:11  Stalker x3  
  103  8:17  Warp Prism (Chrono Boost)  
  105  8:21  Zealot x2  
  105  8:25  Probe x3  
  110  8:38  Stalker  
  110  8:39  Stalker x3  
  118  8:44  Zealot x2  
  120  8:49  Disruptor (Chrono Boost)  
  121  9:02  Pylon  
  120  9:04  Pylon, Zealot x3  
  126  9:14  Stalker x2  
  126  9:15  Disruptor (Chrono Boost)  
  133  9:29  Zealot x3  
  135  9:34  Zealot  
  120  9:40  Disruptor (Chrono Boost)  
  120  9:45  Zealot x2  
  107  9:56  Stalker x4  
  85  10:31  Stalker x2  
  85  10:32  Stalker x2  
  93  10:46  Zealot x2  
  79  11:05  Stalker x2  
  79  11:06  Zealot x2  
  85  11:18  Zealot x2  
  75  11:28  Zealot x2  
  55  11:48  Zealot x4  
  59  11:58  Zealot  
  59  12:00  Zealot  
  60  12:12  Zealot x2  
  52  12:25  Zealot x3  
  40  12:42  Zealot  
  40  12:43  Zealot x2  
  46  12:47  Probe x2  
  42  13:05  Probe x2 (Chrono Boost)  
  36  13:08  Probe (Chrono Boost)  
  37  13:14  Probe (Chrono Boost)  
  37  13:15  Probe x2 (Chrono Boost)  
  40  13:22  Probe x3 (Chrono Boost)  
  43  13:27  Adept  
  43  13:28  Adept  
  43  13:34  Probe x3 (Chrono Boost)  
  50  13:38  Disruptor (Chrono Boost)  
  50  13:40  Probe x2 (Chrono Boost)  
  56  14:02  Disruptor (Chrono Boost)  
  51  14:07  Stalker x2  
  51  14:08  Probe x2  
  52  14:21  Probe x2  
  54  14:32  Disruptor (Chrono Boost)  
  57  14:39  Probe (Chrono Boost)  
  57  14:41  Probe (Chrono Boost)  
  57  14:44  Probe (Chrono Boost)  
  60  14:51  Probe (Chrono Boost)  
  62  14:53  Probe (Chrono Boost)  
  62  14:59  Sentry x3  
  68  15:10  Probe x3  
  71  15:15  Disruptor (Chrono Boost)  
  72  15:33  Stalker x3  
  78  15:48  Stalker x2  
  74  16:06  Disruptor (Chrono Boost)  
  77  16:14  Stalker x2  
  77  16:15  Stalker  
  77  16:16  Zealot x2  
  82  16:41  Zealot x4  
  82  16:42  Zealot x2  
  94  17:05  Stalker x4  
  102  17:13  Stalker x2  
Show
View Real Time Build Order
Export as new Build Order

TYTY Terran - Winner!

Build Orders: Gas First Reaper Expand, Reaper Expand, MMM Bio 

Get SALT Encoding   

  12  0:00  SCV  
  13  0:12  SCV  
  14  0:17  Supply Depot  
  14  0:24  SCV  
  15  0:29  Refinery  
  15  0:38  SCV  
  16  0:44  Barracks  
  16  0:50  SCV  
  17  1:03  SCV  
  18  1:15  SCV  
  19  1:31  Reaper  
  19  1:32  Orbital Command  
  20  1:42  Command Center  
  20  1:53  Factory  
  20  1:57  SCV  
  21  2:08  Barracks Reactor  
  21  2:10  SCV  
  21  2:11  Supply Depot  
  22  2:22  SCV  
  23  2:24  Refinery  
  23  2:34  SCV  
  24  2:46  SCV, Starport  
  24  2:50  Hellion x2  
  29  2:56  Orbital Command  
  29  2:58  SCV  
  30  3:11  SCV, Hellion x2  
  35  3:21  Barracks Tech Lab  
  35  3:22  Medivac  
  35  3:23  SCV  
  35  3:24  SCV  
  39  3:29  Supply Depot  
  39  3:35  SCV  
  39  3:36  SCV  
  41  3:43  Siege Tank  
  41  3:45  Marine x2  
  46  3:51  SCV x2  
  46  3:54  Supply Depot  
  48  4:03  SCV x2, Marine x2  
  52  4:15  SCV x2  
  52  4:16  Siege Tank  
  57  4:18  Supply Depot  
  57  4:20  Marine  
  57  4:21  Marine  
  59  4:27  SCV  
  59  4:28  Barracks  
  59  4:29  SCV  
  60  4:38  Marine x2  
  60  4:40  SCV  
  60  4:41  SCV  
  62  4:50  Siege Tank  
  62  4:52  SCV  
  60  4:55  Barracks  
  60  4:56  Barracks  
  60  4:57  SCV  
  61  5:01  Marine  
  61  5:02  Supply Depot  
  61  5:04  SCV  
  64  5:09  SCV  
  64  5:12  Barracks  
  64  5:15  Engineering Bay  
  64  5:16  SCV  
  65  5:21  SCV  
  63  5:29  Marine x2, Barracks  
  63  5:32  Starport Reactor  
  63  5:33  SCV, Marine  
  63  5:34  Supply Depot  
  63  5:35  Stimpack, Factory Reactor  
  68  5:41  Terran Infantry Weapons Level 1  
  67  5:43  Refinery  
  67  5:44  Missile Turret, Barracks Reactor, Barracks Tech Lab  
  67  5:46  Barracks Tech Lab  
  67  5:47  Marine x2  
  69  5:50  Marine  
  69  5:51  Missile Turret  
  68  5:59  Supply Depot  
  68  6:04  Marine x2  
  68  6:05  Marine x2  
  68  6:06  Supply Depot  
  68  6:08  Marine  
  68  6:09  Medivac  
  68  6:10  Medivac  
  77  6:18  Refinery  
  77  6:19  Marine x2  
  77  6:22  Marine  
  77  6:24  Factory Reactor  
  77  6:25  Marine x3  
  83  6:26  Supply Depot  
  83  6:29  Supply Depot  
  83  6:30  Marauder  
  85  6:37  Marine x2  
  87  6:40  Marauder, Combat Shields  
  87  6:42  Marine x2  
  87  6:43  SCV x2  
  93  6:48  Medivac  
  93  6:49  Marine  
  93  6:51  Marine  
  96  6:55  Marine x2  
  96  6:56  Viking  
  96  7:00  Marine x2  
  103  7:01  Supply Depot, Widow Mine x2  
  103  7:05  Marine  
  103  7:07  Marine  
  105  7:13  Marine x2  
  108  7:18  Marine x2  
  108  7:21  Medivac  
  112  7:25  Widow Mine x2, Supply Depot  
  112  7:28  Marauder x3  
  119  7:32  Supply Depot  
  119  7:33  Concussive Shells  
  119  7:37  Marine x4  
  122  7:46  Widow Mine  
  122  7:48  Widow Mine  
  122  7:49  Marauder  
  122  7:50  Marauder  
  130  7:51  Marine  
  130  7:55  Marine  
  130  7:57  Medivac  
  133  8:03  Marine x2  
  133  8:04  Marine  
  136  8:07  Widow Mine  
  136  8:09  Marine  
  136  8:11  Supply Depot  
  139  8:16  Widow Mine  
  139  8:18  Marine  
  142  8:23  Terran Infantry Armor Level 1  
  142  8:24  Supply Depot x2  
  142  8:29  Marine  
  142  8:30  Marine x2  
  140  8:44  Marine  
  140  8:45  Marine, Marauder  
  140  8:47  Marine  
  142  8:54  Widow Mine, Marine  
  142  8:55  Marine  
  142  9:02  Marine x2  
  142  9:05  Marauder  
  142  9:18  Marine x2, Command Center, Marauder x2  
  142  9:21  Marine  
  148  9:25  Marine  
  148  9:26  Marauder  
  151  9:38  Marine x2  
  140  9:40  Marauder  
  140  9:45  Widow Mine x2  
  131  9:49  Viking x2  
  131  9:50  Marine  
  131  9:51  Marine x2  
  132  10:05  Starport  
  126  10:08  Marine  
  126  10:09  Marine x2, Marauder x2  
  126  10:14  Marine  
  125  10:19  Medivac x2  
  126  10:31  Orbital Command  
  126  10:32  Marauder x2  
  130  10:37  Missile Turret  
  126  10:54  Marine x2, Marauder x2  
  116  10:57  Viking x2  
  116  11:02  Viking x2  
  121  11:06  SCV  
  121  11:09  Marauder  
  114  11:19  Marine x2  
  114  11:20  Marauder x2  
  114  11:22  SCV  
  105  11:27  SCV x2  
  83  11:35  SCV  
  83  11:36  Marine  
  83  11:37  Marauder  
  83  11:38  Marine x2  
  83  11:39  SCV x2  
  78  11:41  Marine x2, Marauder  
  58  11:54  Marine  
  58  11:56  Marine x2  
  58  12:00  Marauder  
  61  12:04  Orbital Command  
  61  12:05  Marine  
  62  12:09  Marine x2  
  64  12:16  Marine x2  
  64  12:21  Marine x2  
  59  12:25  Marine  
  59  12:27  Marine  
  59  12:28  SCV x2  
  58  12:34  Marine x2  
  58  12:35  Orbital Command  
  52  12:39  Marine x2  
  52  12:43  Marine  
  54  12:46  Marauder x2  
  57  12:55  Marine x2  
  57  12:58  Marine x2  
  49  13:05  Marine  
  48  13:08  Marauder  
  48  13:12  Marauder  
  52  13:13  Medivac  
  52  13:18  Marauder  
  55  13:22  SCV  
  55  13:26  SCV  
  57  13:28  Marine  
  58  13:35  Marine, Marauder  
  58  13:36  Marine  
  58  13:39  Marine x2  
  63  13:44  Marauder  
  63  13:47  Marine  
  65  13:53  Marine  
  65  13:54  Marine  
  66  13:56  Marine  
  65  14:03  Marine, Marauder  
  65  14:06  Marauder  
  69  14:12  Marine x2  
  68  14:17  Marauder  
  68  14:21  Marine  
  70  14:24  Marauder  
  70  14:25  Medivac x2  
  75  14:32  Marauder  
  79  14:39  Marauder  
  79  14:40  Marine x2  
  81  14:46  Marauder  
  81  14:48  Liberator x2  
  81  14:52  Marine x2  
  85  14:54  Marauder  
  85  14:58  Liberator  
  89  15:04  Marine, Marauder  
  95  15:09  SCV x2  
  100  15:22  Liberator  
  97  15:32  Liberator  
  97  15:33  SCV x2  
  99  15:36  Marine x2, Marauder x2  
  108  15:45  SCV  
  108  15:49  Marine x2  
  106  15:55  SCV  
  105  15:57  SCV  
  105  15:58  Liberator  
  105  16:00  Refinery  
  105  16:10  Marine x2, Marauder x2  
  106  16:33  SCV x2  
  106  16:38  Medivac x2  
  106  16:39  Medivac  
  100  16:45  Orbital Command  
  100  16:49  Marine, Marauder x2  
  100  16:51  SCV  
  105  16:57  Marine x2  
  106  17:06  Marine, Marauder  
  108  17:13  SCV  

Tags
 
Add a new tag
Caveats
  • Supply blocks, unpowered buildings, or Contaminate may cause inaccurate times.
  • Supply counts are checked every 10 seconds.